[Event "Frauenbundesliga 2021-22"]
[Site "Germany"]
[Date "2022.05.29"]
[Round "11.2"]
[White "Newrkla, Katharina"]
[Black "Lubbe, Melanie"]
[Result "1/2-1/2"]
[ECO "B63"]
[WhiteElo "2232"]
[BlackElo "2308"]
[Annotator "TA"]
[PlyCount "54"]
[EventDate "2021.11.26"]
[EventType "team-tourn"]
[EventCountry "GER"]
[SourceTitle "playchess.com"]
[Source "ChessBase"]
[SourceQuality "1"]
[WhiteTeam "Lehrte"]
[BlackTeam "Rodewisch"]
[TimeControl "40/5400+30:1800+30"]

1. e4 c5 2. Nf3 d6 3. d4 cxd4 4. Nxd4 Nf6 5. Nc3 Nc6 6. Bg5 e6 7. Qd2 Be7 8. O-O-O O-O 9. h4 Nxd4 10. Qxd4 a6 11. Kb1 Qa5 12. Qd2 Qc7 13. f3 Rd8 14. g4 {[%emt 0:05:42] B63: Sicilian: Richter-Rauzer: 7...Be7 and unusual Black 7th moves.} b5 15. Bd3 Bb7 ({Black should play} 15... b4 $1 $11 16. Ne2 Bb7) 16. h5 {[%emt 0:16:49] [#]} (16. Ne2 $14) 16... d5 $146 ({Black should try} 16... b4 $1 $15 17. Ne2 d5 18. Bxf6 Bxf6) ({Predecessor:} 16... Rac8 17. Rdg1 b4 18. Ne2 a5 19. Bxf6 Bxf6 20. g5 Be7 21. Nf4 d5 22. g6 dxe4 23. gxf7+ Kxf7 24. Rxg7+ Kxg7 25. Nxe6+ {½-½ (33) Kreisl,R (2337)-Krieger,H (2217) Graz 2008}) 17. e5 Ne4 {[%emt 0:01:38] The position is equal.} 18. fxe4 dxe4 19. Bxe7 Qxe7 20. Nxe4 Bxe4 {[%emt 0:00:07][%mdl 64] [#] Pin} 21. Rh3 h6 22. Qe2 Bxd3 (22... Bb7 {seems wilder.} 23. Qe3 Rac8 24. a3 Bd5) 23. Rhxd3 Rxd3 24. Qxd3 Qc5 25. Qe4 Rc8 26. a3 a5 27. Rd4 Rb8 {[%emt 0:02:44] An interesting draw.  Weighted Error Value: White=0.21 (precise) /Black=0.16 (very precise)} 1/2-1/2

[Event "Frauenbundesliga 2021-22"]
[Site "Germany"]
[Date "2022.05.29"]
[Round "11.3"]
[White "Javakhishvili, Lela"]
[Black "Schleining, Zoya"]
[Result "1/2-1/2"]
[ECO "A85"]
[WhiteElo "2480"]
[BlackElo "2329"]
[Annotator "TA"]
[PlyCount "150"]
[EventDate "2021.11.26"]
[EventType "team-tourn"]
[EventCountry "GER"]
[SourceTitle "playchess.com"]
[Source "ChessBase"]
[SourceQuality "1"]
[WhiteTeam "Schwaebisch Hall"]
[BlackTeam "Deizisau"]
[TimeControl "40/5400+30:1800+30"]

1. d4 e6 2. c4 f5 3. Nc3 Nf6 4. Qc2 b6 5. f3 Nc6 6. e3 {[%emt 0:00:38] [#] A85: Dutch Defence: 2 c4 Nf6 3 Nc3.} g6 $146 ({Predecessor:} 6... Bb4 7. Bd2 a5 8. Bd3 e5 9. d5 e4 10. fxe4 fxe4 11. Nxe4 Nxe4 12. Bxe4 Bxd2+ 13. Kxd2 {½-½ (22) Polugaevsky,L-Antoshin,V Baku 1958}) 7. Nge2 Bh6 8. a3 {[%emt 0:02:43] The position is equal.} a5 9. Bd2 O-O (9... Ba6 $5 ) 10. h4 Ba6 11. h5 gxh5 ({But not} 11... Nxh5 12. g4 $16) 12. b3 Qe7 13. e4 (13. g3 $11) 13... Bxd2+ $19 14. Qxd2 (14. Kxd2 $17 fxe4 15. Nxe4) 14... fxe4 15. Nxe4 (15. Qg5+ $142 Qg7 16. Qxg7+ Kxg7 17. Nxe4) 15... Nxe4 16. fxe4 a4 17. b4 Bxc4 18. O-O-O $2 (18. Rc1 b5 19. Ng3) 18... h4 19. g3 $2 (19. Qe3 {is a better defense.}) 19... Rf3 20. Nc3 Bxf1 21. Rdxf1 Rxf1+ 22. Rxf1 hxg3 {[%emt 0:00:58] And now ...Rf8 would win.} 23. Rg1 Kh8 24. Rxg3 Rg8 25. Rxg8+ Kxg8 {[%emt 0:00:02][%mdl 4096] Endgame KQN-KQN} 26. e5 $2 (26. d5 exd5 27. Qxd5+ Kg7 28. Nxa4) 26... Qg7 27. Qe3 Ne7 28. Qf2 Nd5 29. Nxa4 (29. Nxd5 exd5 30. Qh4) 29... Qg5+ 30. Kb2 h5 {[%emt 0:00:34][%cal Bh7h5,Bh5h4][%mdl 32] Hoping for ...h4.} 31. Nc3 Nxc3 32. Kxc3 {[%emt 0:00:01] KQ-KQ} h4 33. Kc4 c6 (33... h3 $142 34. Kd3 Qh5 35. Qg1+ Kf7) 34. a4 Qc1+ $2 (34... b5+ $19 35. axb5 cxb5+ 36. Kxb5 h3) 35. Kd3 (35. Kb3 $1 $11 {was the only way to keep the balance.}) 35... Qd1+ (35... Qa3+ $1 $17 36. Ke4 h3) 36. Ke4 (36. Kc3 $1 $11) 36... Qb1+ $17 ({Don't play} 36... Qxa4 37. Qxh4 Qc2+ 38. Ke3 $11) 37. Kf4 $2 (37. Ke3 $17 {might work better.}) 37... Qxb4 $19 38. Qg1+ $2 (38. Kg4 Qxa4 39. Qf4 Qd1+ 40. Kxh4 Qh1+ 41. Kg4) 38... Kh7 {[%emt 0:00:40] Strongly threatening ...Qf8+.} 39. Kg4 Qe7 $2 (39... Qf8 $19 {and Black stays clearly on top. ( -> ...Qg8+)} 40. Qe3 Qd8) 40. Qb1+ $17 Kh6 41. Qc1+ Kg7 42. Qb2 Qd8 43. Qb4 Kf7 44. Qb2 {[%emt 0:02:03] [#]} (44. Qb1 $17) 44... b5 $2 (44... d6 $1 $19 {...dxe5 is the strong threat.} 45. exd6 Qxd6 46. Kxh4 b5 47. axb5 Qf4+ 48. Kh3 Qf1+ 49. Kg3 cxb5) 45. axb5 $11 Qg8+ 46. Kxh4 Qh7+ 47. Kg5 Qf5+ 48. Kh4 Qe4+ 49. Kg5 {[%emt 0:00:45] [#]} (49. Kh5 $1 $11) 49... Qf5+ (49... cxb5 $1 $17 {Threatening ...Qe3+.} 50. Qxb5 Qe3+ 51. Kh5 Qxd4 52. Qf1+ Ke8) 50. Kh4 Qf4+ 51. Kh5 cxb5 52. Qxb5 Qxd4 {[%emt 0:00:31] aiming for ...Qd1+.} 53. Qf1+ Ke8 54. Qb5 (54. Qf6 $1 $11) 54... Qd5 55. Qb8+ Kf7 56. Qc7 Qd4 57. Kg5 Kg7 58. Kh5 Kf7 59. Kg5 Ke7 60. Qb8 Qg1+ 61. Kh5 Kf7 {[%emt 0:01:11] Threatens to win with ...Qg6+.} 62. Qc7 Qg6+ 63. Kh4 Qe4+ 64. Kg5 Qe3+ 65. Kh5 Qe2+ 66. Kg5 Qd2+ 67. Kh5 Kg7 68. Qb8 Qh2+ 69. Kg4 Qg2+ 70. Kh5 Qg6+ 71. Kh4 Qf7 72. Kg5 Qf5+ 73. Kh4 Qh7+ 74. Kg5 Qh6+ 75. Kg4 Qg6+ {[%emt 0:01:29] And White is the lucky defender.  Weighted Error Value: White=0.68/Black=0.43} ({Black should play} 75... Qh1 $15) 1/2-1/2

[Event "Frauenbundesliga 2021-22"]
[Site "Germany"]
[Date "2022.05.29"]
[Round "11.3"]
[White "Melamed, Tatjana"]
[Black "Paehtz, Elisabeth"]
[Result "1/2-1/2"]
[ECO "B22"]
[WhiteElo "2353"]
[BlackElo "2497"]
[Annotator "TA"]
[PlyCount "42"]
[EventDate "2021.11.26"]
[EventType "team-tourn"]
[EventCountry "GER"]
[SourceTitle "playchess.com"]
[Source "ChessBase"]
[SourceQuality "1"]
[WhiteTeam "Bad Koenigshofen"]
[BlackTeam "Baden-Baden"]
[TimeControl "40/5400+30:1800+30"]

1. e4 c5 2. c3 Nf6 3. e5 Nd5 4. d4 cxd4 5. cxd4 d6 6. Nf3 Nc6 7. Bc4 dxe5 8. dxe5 Nb6 {[%emt 0:00:05] B22: Sicilian: 2 c3.} 9. Qxd8+ Nxd8 10. Bb3 g6 11. Nd4 Bg7 12. f4 Bd7 13. Nc3 {[%emt 0:02:52] [#]} Nc6 $146 ({Predecessor:} 13... a6 14. Nd5 Nxd5 15. Bxd5 Rc8 16. Be3 e6 17. Bf3 O-O 18. O-O f6 19. exf6 Bxf6 {½-½ (49) Oesch,H (2336)-Ojeda,J (2311) ICCF email 2013}) 14. Be3 Nxd4 15. Bxd4 Bc6 16. O-O $36 {[%emt 0:06:16][%mdl 2048] Black is under pressure.} e6 17. Bc5 O-O-O 18. Rad1 Rxd1 19. Rxd1 Bf8 20. Bxf8 Rxf8 21. Kf2 h5 {[%emt 0:00:44] Weighted Error Value: White=0.05 (flawless) /Black=0.06 (flawless)} 1/2-1/2

[Event "Frauenbundesliga 2021-22"]
[Site "Germany"]
[Date "2022.05.29"]
[Round "11.3"]
[White "Movsesian, Julia"]
[Black "Duessler, Stefanie"]
[Result "1-0"]
[ECO "B23"]
[WhiteElo "2313"]
[BlackElo "2110"]
[Annotator "TA"]
[PlyCount "39"]
[EventDate "2021.11.26"]
[EventType "team-tourn"]
[EventCountry "GER"]
[SourceTitle "playchess.com"]
[Source "ChessBase"]
[SourceQuality "1"]
[WhiteTeam "Rodewisch"]
[BlackTeam "Lehrte"]
[TimeControl "40/5400+30:1800+30"]

1. e4 c5 2. Nc3 Nc6 3. Bb5 Nd4 4. Nf3 Nxb5 5. Nxb5 d6 6. d4 Bd7 {[%emt 0:03:44] B23: Closed Sicilian: Lines without g3.} 7. Nc3 cxd4 8. Qxd4 Nf6 {[%emt 0:04:59] White has an edge.} 9. O-O e5 10. Qd3 Be7 11. Bg5 Bc6 {[%emt 0:05:38] [#]} 12. Rad1 $146 ({Predecessor:} 12. Rfd1 Qa5 13. a3 Qa6 14. Bxf6 Qxd3 15. Rxd3 gxf6 16. Nh4 Bd7 17. Nd5 Rc8 18. Ne3 {½-½ (32) Oyama,A (2185)-Wegerle,J (2421) Hastings 2018}) 12... Nh5 13. Bxe7 {[%emt 0:01:32] White is more active.} Kxe7 14. Nxe5 Qc7 $2 {[%emt 0:09:01][%mdl 8192] [#]} (14... dxe5 $16 15. Qf3 (15. Qc4 $2 Qb6 $17) 15... Qe8) 15. Qc4 $1 $18 {[%emt 0:02:57] White is clearly winning.} Kf8 16. Nb5 {[%emt 0:02:23][%cal Bc3b5,Bb5d6,Bd6f5][%mdl 32] Pair of Knights!} Qe7 {[%emt 0:00:37] [#]} 17. Nxd6 $1 Nf4 (17... Bd7 18. Nxd7+) 18. Nxc6 bxc6 19. Nf5 Qe5 20. Rd7 {[%emt 0:02:19] Black got outplayed after the opening.  Weighted Error Value: White=0.06 (flawless) /Black=0.24 (precise)} 1-0

[Event "Frauenbundesliga 2021-22"]
[Site "Germany"]
[Date "2022.05.29"]
[Round "11.3"]
[White "Otikova, Elina"]
[Black "Gaal, Zsoka"]
[Result "0-1"]
[ECO "B15"]
[WhiteElo "2090"]
[BlackElo "2323"]
[Annotator "TA"]
[PlyCount "108"]
[EventDate "2021.11.26"]
[EventType "team-tourn"]
[EventCountry "GER"]
[SourceTitle "playchess.com"]
[Source "ChessBase"]
[SourceQuality "1"]
[WhiteTeam "Loeberitz"]
[BlackTeam "Hamburger SK"]
[TimeControl "40/5400+30:1800+30"]

1. e4 c6 2. d4 d5 3. Nd2 dxe4 4. Nxe4 Nf6 5. Nxf6+ exf6 6. c3 Bd6 7. Bd3 O-O 8. Ne2 Re8 9. h3 {[%emt 0:02:17] B15: Caro-Kann: 3 Nc3: 3...g6 and 3...dxe4 4 Nxe4 Nf6 5 Nxf6+ exf6.} Nd7 10. O-O Nf8 11. Be3 {[%emt 0:01:39] [#] The position is equal.} Ng6 $146 ({Predecessor:} 11... Qc7) 12. Qc2 Bc7 13. Rfe1 (13. Bxg6 hxg6 14. Rfe1 Bf5 $15) 13... Be6 14. Rad1 Qd7 15. Bxg6 hxg6 16. Bf4 g5 (16... Bxa2 17. Bxc7 Qxc7 18. b3 $16) (16... Ba5 $15) 17. Bxc7 $11 Qxc7 18. Ng3 g6 19. c4 Qa5 20. b3 (20. Ne4 $5 Kg7 21. Nd6 $16) 20... Rad8 21. Qb2 Kg7 22. b4 (22. Ne4 $5 Bf5 23. b4 $16) 22... Qa4 23. Ne4 (23. Qc3 $11) 23... Bxc4 $17 24. Nxf6 Rxe1+ (24... Kxf6 $2 25. d5+ Kf5 26. g4+ Kf4 27. Qf6#) 25. Rxe1 {[%emt 0:00:05] [#] Threatens to win with d5.} Qxa2 26. Qc3 Qb3 27. Qa1 {[%emt 0:00:07] Black must now prevent d5.} Bd5 $36 {[%emt 0:00:52][%mdl 2048] Black is really pushing.} (27... Qxb4 28. d5 Kh6 29. h4 Bxd5 30. Ne8 Rxe8 31. Rxe8 $18) 28. Nxd5 (28. Ne8+ $17 {was the only chance.} Kf8 29. Nc7) 28... Rxd5 {[%emt 0:00:52][%mdl 4096] Endgame KQR-KQR} 29. Rb1 (29. b5 $17) 29... Qc2 $19 30. Re1 Qd2 31. Rd1 Qxb4 32. Qxa7 b6 33. Qa1 b5 34. Rc1 Qa4 ({Stronger than} 34... Rxd4 35. Rxc6 Kh7 36. Rf6 $17) ({Weaker is} 34... Qxd4 35. Qxd4+ Rxd4 36. Rxc6 $17) ({Black should try} 34... Qd6 $19 35. Rd1 Kh7) 35. Qxa4 (35. Qb2 $17) 35... bxa4 36. Rxc6 Rxd4 $17 {[%emt 0:00:27] KR-KR} 37. Ra6 Kf8 (37... Rd1+ $19 38. Kh2 Ra1) 38. Ra7 (38. Kf1 $17) 38... Rd1+ $19 39. Kh2 {[%emt 0:00:06] [#] White does not recover from this.} Ra1 $1 40. Ra5 f6 41. Ra7 a3 42. g4 Ke8 43. Kg2 Kd8 44. Kh2 (44. Ra6 $142) 44... Kc8 ({Wrong is} 44... a2 $2 45. Kg2 $19) 45. Rf7 $2 (45. Kg2) 45... Rc1 {[%emt 0:01:09] ( -> ...a2)} 46. Ra7 Rc3 {[%emt 0:00:01] ...Kb8 is the strong threat.} 47. Ra4 Kb7 48. f4 Kb6 {[%emt 0:02:09] Hoping for ...Kb5.} 49. fxg5 fxg5 {[%emt 0:13:09] Black mates.} 50. Kg2 Kb5 51. Ra8 Kb4 52. Rb8+ Kc4 53. Kh2 a2 54. Ra8 Kb3 {[%emt 0:00:00] Weighted Error Value: White=0.53/Black=0.09 (flawless)} 0-1

[Event "Frauenbundesliga 2021-22"]
[Site "Germany"]
[Date "2022.05.29"]
[Round "11.3"]
[White "Hincu, Olga"]
[Black "Radikovic, Anamarija"]
[Result "1-0"]
[ECO "D12"]
[WhiteElo "2078"]
[BlackElo "2133"]
[Annotator "TA"]
[PlyCount "105"]
[EventDate "2021.11.26"]
[EventType "team-tourn"]
[EventCountry "GER"]
[SourceTitle "playchess.com"]
[Source "ChessBase"]
[SourceQuality "1"]
[WhiteTeam "Leipzig"]
[BlackTeam "Harksheide"]
[TimeControl "40/5400+30:1800+30"]

1. d4 d5 2. Nf3 Nf6 3. c4 c6 4. e3 Bf5 5. Nc3 e6 6. Nh4 Be4 7. f3 Bg6 8. Qb3 Qc7 9. Bd2 {[%emt 0:04:38] D12: Slav Defence: 3 Nf3 Nf6 4 e3 Bf5.} Nbd7 10. Rc1 Qb8 11. cxd5 {[%emt 0:03:43] White is slightly better.} exd5 {[%emt 0:00:07] [#]} 12. g3 $146 ({Predecessor:} 12. e4 dxe4 13. Bc4 e3 14. Bxe3 Bd6 15. Nxg6 fxg6 16. g3 Rf8 17. Be2 Nb6 18. Qe6+ {1-0 (34) Horvath,D (2446)-Mikhailovsky,V (2228) Chess.com INT 2020}) 12... Be7 13. Bg2 Nh5 (13... a5 $14) 14. Nxg6 $16 hxg6 15. Ne2 (15. e4 $142) 15... O-O 16. O-O Nb6 17. e4 Nc4 18. Be1 Nf6 19. e5 Ne8 20. f4 Nc7 21. g4 a5 22. f5 Bg5 23. Rxc4 dxc4 24. Qxc4 Qd8 25. Nf4 {[%emt 0:04:20] Prevents Nd5. White is more active.} (25. fxg6 $16 Qd7 26. Rf5) 25... gxf5 (25... Bxf4 $15 26. Rxf4 Nd5) 26. gxf5 $11 Bxf4 27. Rxf4 {[%emt 0:00:02] Black must now prevent f6.} Qg5 (27... Nd5 $11 {keeps the balance.} 28. Bh4 Qb6) 28. Bd2 $1 $16 {[%emt 0:07:39][%mdl 1024] White has strong compensation.} ({Weaker is} 28. Bg3 a4 $15) 28... Nd5 29. Rf2 ({White must play} 29. h4 $1 $16 Qg3 30. Re4) 29... Qh5 30. h3 Rfe8 (30... Qh4 $11) 31. Rf3 $2 (31. Qd3 $1 $16 {and life is bright.}) 31... Qh4 $36 {[%emt 0:01:11][%cal Oe8e5][%mdl 2048] Black is in control.} 32. Qd3 {[%emt 0:00:53] [#] Rg3 is the strong threat.} Rad8 $1 {[%emt 0:01:39] aiming for ...Nb4.} 33. a3 {[%emt 0:01:04] [#] Against Nb4} c5 $1 34. dxc5 Rxe5 35. Bxa5 b6 36. cxb6 {[%emt 0:00:15] [#]} Nxb6 37. Qc3 Qf6 38. b4 (38. Rf1 {was necessary.}) 38... Nd5 $4 (38... Rc8 $19 39. Qd2 Rd5) 39. Bxd8 $18 {[%emt 0:00:00] This bishop pair is nice.} Nxc3 40. Bxf6 Ne2+ 41. Kf2 gxf6 {[%emt 0:30:08][%mdl 4096] Endgame KRB-KRN} 42. Re3 {[%emt 0:00:00] Threatening mate with Rxe5.} Nf4 43. Rxe5 Nd3+ 44. Ke3 {[%emt 0:00:00] White mates.} Nxe5 {[%emt 0:00:00] KB-KN} 45. b5 Kf8 46. Kd4 Ke7 47. Kc5 Kd8 48. b6 Nd7+ 49. Kc6 Ne5+ 50. Kb7 Nc4 51. Ka7 Nxa3 52. b7 Nb5+ 53. Kb6 {[%emt 0:00:00] White used his chance.  Weighted Error Value: White=0.29 (precise) /Black=0.44} 1-0

[Event "Frauenbundesliga 2021-22"]
[Site "Germany"]
[Date "2022.05.29"]
[Round "11.4"]
[White "Stefanova, Antoaneta"]
[Black "Savina, Anastasia"]
[Result "1-0"]
[ECO "C41"]
[WhiteElo "2458"]
[BlackElo "2348"]
[Annotator "TA"]
[PlyCount "59"]
[EventDate "2021.11.26"]
[EventType "team-tourn"]
[EventCountry "GER"]
[SourceTitle "playchess.com"]
[Source "ChessBase"]
[SourceQuality "1"]
[WhiteTeam "Baden-Baden"]
[BlackTeam "Bad Koenigshofen"]
[TimeControl "40/5400+30:1800+30"]

1. d4 d6 2. e4 Nf6 3. Nc3 e5 4. Nf3 Nbd7 5. Bc4 Be7 6. a4 c6 7. O-O O-O 8. Re1 a5 9. h3 Nb6 {[%emt 0:10:14] 9...Nb6 scores better than 9...exd4. C41: Philidor Defence.} 10. Ba2 Nfd7 11. Be3 exd4 {[%emt 0:06:11] White has an edge.} 12. Qxd4 {[%emt 0:00:42] is the legacy move (12.Bxd4).} Nc5 13. Rad1 Be6 14. Bxe6 fxe6 15. e5 d5 16. Qg4 Qe8 17. b3 (17. Nd4 $5 Qg6 18. Qxg6 hxg6 19. Bc1 $14 (19. Nxe6 Nxe6 20. Bxb6 Rf4 $11)) 17... Nbd7 18. h4 Rf5 {[%emt 0:13:56] [#]} 19. Nd4 $146 (19. Bf4 $15) ({Predecessor:} 19. Bf4 Qg6 20. Qxg6 hxg6 21. g3 Raf8 22. Ne2 Nb8 23. Kg2 Nba6 24. Nfd4 Rh5 25. Rh1 {1-0 (47) Lettieri,G (2395)-Messina,E (2216) Napoli 2013}) 19... Nxe5 $17 20. Qg3 Rh5 21. Bg5 Bxg5 22. hxg5 Nf7 (22... Ng6 $17 {...Qf7 is the strong threat.} 23. Qe3 Qe7 24. Nxe6 Nxe6 25. Qxe6+ Qxe6 26. Rxe6 Rxg5) 23. f4 $1 $11 e5 24. Qf3 $1 g6 25. Nxd5 $1 cxd5 26. Qxd5 Qd7 27. Qxc5 {[%emt 0:03:00] Threatens to win with Nf3.} exd4 28. Re7 Qg4 29. Rde1 {[%emt 0:00:39] White threatens Re8+ and mate. Chess con chili.} Rf8 {[%emt 0:03:54][%mdl 8192] [#]} (29... Qxf4 $2 {gets mated.} 30. Re8+ Rxe8 31. Rxe8+ Kg7 32. Qf8#) (29... h6 $11 30. Re8+ (30. Qb6 Qf5 $17) 30... Rxe8 31. Rxe8+ Kh7 32. Rh8+ Kxh8 33. Qf8+ Kh7 34. Qxf7+ Kh8 35. Qf8+ Kh7 36. Qf7+ Kh8 37. Qf8+ Kh7 38. Qf7+) 30. Re8 {[%emt 0:01:36] Weighted Error Value: White=0.09 (flawless) /Black=0.36} ({But not} 30. Qxd4 $2 {[#]} Rxg5 $1 31. R1e2 Rh5 $19) 1-0

[Event "Frauenbundesliga 2021-22"]
[Site "Germany"]
[Date "2022.05.29"]
[Round "11.4"]
[White "Roebers, Eline"]
[Black "Naumann, Nadine"]
[Result "1-0"]
[ECO "A11"]
[WhiteElo "2369"]
[BlackElo "1951"]
[Annotator "TA"]
[PlyCount "53"]
[EventDate "2021.11.26"]
[EventType "team-tourn"]
[EventCountry "GER"]
[SourceTitle "playchess.com"]
[Source "ChessBase"]
[SourceQuality "1"]
[WhiteTeam "Hamburger SK"]
[BlackTeam "Loeberitz"]
[TimeControl "40/5400+30:1800+30"]

1. c4 c6 2. g3 d5 3. Bg2 Nf6 4. Nf3 Nbd7 5. O-O e5 6. d4 {[%emt 0:12:13] A11: English Opening: 1...c6.} e4 7. Ne1 {[%emt 0:00:28] [#]} Bd6 $146 ({Predecessor:} 7... Be7 8. Nc3 O-O 9. Nc2 Nb6 10. c5 Nbd7 11. b4 Re8 12. b5 Nf8 13. bxc6 bxc6 {½-½ (20) Kuemin,S (2392)-Battulga,N (2180) Istanbul 2004}) 8. Nc3 {[%emt 0:00:48] White is slightly better.} O-O 9. Nc2 Re8 10. Ne3 dxc4 11. Qc2 Bf8 12. Rd1 Qe7 13. Nxc4 Nb6 14. Nxb6 axb6 15. Bg5 Bf5 16. Bxf6 gxf6 17. e3 Bg4 {[%emt 0:03:15] Black cannot hold the game after this.} (17... Bg6 $11 {and Black stays safe.}) 18. Bxe4 $18 Bxd1 19. Bxh7+ ({Resist} 19. Rxd1 $6 h6 $14) 19... Kh8 20. Rxd1 Ra5 21. d5 {[%emt 0:04:03] aiming for Bf5.} Bh6 (21... f5 $142) 22. Rd4 $40 {[%emt 0:08:08][%mdl 128] White is out for blood.} Qc5 $2 (22... Bxe3 $2 23. Re4 Qf8 24. fxe3 $18) (22... cxd5 23. b4 (23. Nxd5 Qe5 $18) (23. Rxd5 Rxd5 24. Nxd5 Qc5 $16) 23... Raa8 24. Nxd5 Qe5) 23. Rh4 Bg5 {[%emt 0:01:26] [#]} (23... Qf8 $18 24. Be4 cxd5) 24. Bg8+ $1 Kxg8 25. Qh7+ Kf8 26. Qh8+ Ke7 27. Re4+ {[%emt 0:00:03][%mdl 64] Skewer, Deflection.  Weighted Error Value: White=0.09 (flawless) /Black=0.85} 1-0

[Event "Frauenbundesliga 2021-22"]
[Site "Germany"]
[Date "2022.05.29"]
[Round "11.4"]
[White "Rapport, Jovana"]
[Black "Arabidze, Meri"]
[Result "0-1"]
[ECO "A46"]
[WhiteElo "2294"]
[BlackElo "2436"]
[Annotator "TA"]
[PlyCount "76"]
[EventDate "2021.11.26"]
[EventType "team-tourn"]
[EventCountry "GER"]
[SourceTitle "playchess.com"]
[Source "ChessBase"]
[SourceQuality "1"]
[WhiteTeam "Deizisau"]
[BlackTeam "Schwaebisch Hall"]
[TimeControl "40/5400+30:1800+30"]

1. e4 c5 2. Nf3 e6 3. g3 Nc6 4. d4 cxd4 5. Nxd4 Qc7 6. Bg2 Nf6 7. O-O a6 8. c4 Nxd4 {[%emt 0:05:07] A46: 1 d4 Nf6 2 Nf3 e6: Torre, London and Colle Systems.} 9. Qxd4 Bc5 10. Qd1 {[%emt 0:04:14] [#]} h6 $146 {[%emt 0:08:32] The position is equal.} ({Predecessor:} 10... d6 11. Bg5 Nd7 12. Nc3 h6 13. Bd2 Ne5 14. Qa4+ Bd7 15. Nb5 Qb8 16. Qb3 axb5 17. cxb5 {0-1 (61) Priebs,L (2033)-Pohle,D (2173) Goch 2008}) 11. Nc3 (11. e5 $5 Qxe5 12. Nc3 $14) 11... d6 12. a3 O-O 13. b4 Ba7 14. Qe2 e5 15. Bb2 (15. Be3 $11) 15... Bg4 $17 16. Qd3 Rac8 17. h3 Be6 18. Rfd1 Bd4 ({Stronger than} 18... Qxc4 19. Qxc4 Rxc4 20. Rxd6 $15) ({Inferior is} 18... Bxc4 19. Qxd6 Bb3 20. Qxc7 Rxc7 21. Rd3 $15) 19. Qd2 Qxc4 20. Rdc1 Bxc3 {[%emt 0:14:44] Black is more active.} 21. Qxc3 Qe2 22. Re1 {[%emt 0:00:47] [#]} (22. Bf3 $17 {might work better.} Rxc3 23. Bxe2) 22... Qh5 $1 $19 ({Not} 22... Rxc3 23. Rxe2 Rd3 24. Rc1 $17) 23. Qd3 (23. Qf3 $142) 23... Bxh3 24. Qxd6 $2 (24. Bf3 Bg4 25. Bh1) 24... Ng4 25. Bf3 {[%emt 0:00:05] [#]} Bg2 $1 26. Bxg2 Rc2 {[%emt 0:00:01][%csl LRb2,LRf2] ( -> ...Qh2+)} 27. Bd4 exd4 28. Qxd4 Rxf2 29. Qxf2 Nxf2 (29... Qh2+ $142 30. Kf1 Nxf2) 30. Kxf2 Qe5 {[%emt 0:00:15] And now ...Qd4+ would win.} 31. Ra2 f5 32. Re3 fxe4+ 33. Ke1 Qd4 {[%emt 0:00:39] Black mates.} 34. Rae2 Qa1+ 35. Kd2 Rd8+ 36. Kc2 Qd1+ 37. Kc3 Rd3+ 38. Kc4 Qc1+ {[%emt 0:00:13] Weighted Error Value: White=1.19/Black=0.47} 0-1